 Dungeon Crawl Stone Soup version 0.21.1-1-g345015f (webtiles) character file.

100 goulibeur the Distorting Demonspawn (level 4, -13/35 HPs)
             Began as a Demonspawn Abyssal Knight on July 14, 2018.
             Was a Believer of Lugonu.
             Mangled by an ogre
             ... wielding a +0 giant spiked club
              (16 damage)
             ... on level 4 of the Dungeon.
             The game lasted 00:10:53 (2952 turns).

goulibeur the Distorting Demonspawn (DsAK)          Turns: 2952, Time: 00:10:54

Health: -13/35     AC:  6    Str: 12    XL:     4   Next: 46%
Magic:  7/7        EV: 10    Int: 13    God:    Lugonu [**....]
Gold:   206        SH:  4    Dex: 14    Spells: 3/3 levels left

rFire    . . .     SeeInvis .   a - +1 short sword
rCold    . . .     Gourm    +   i - +0 buckler
rNeg     . . .     Faith    .   g - +0 ring mail
rPois    .         Spirit   .   (no helmet)
rElec    .         Reflect  .   (no cloak)
rCorr    .         Harm     .   (no gloves)
MR       .....                  h - +0 pair of boots
Stlth    +.........             l - amulet of the gourmand
HPRegen  0.11/turn              (no ring)
MPRegen  0.10/turn              (no ring)

@: no status effects
A: hooves 1, rot immunity
a: Depart the Abyss, Bend Space, Renounce Religion


You were on level 4 of the Dungeon.
You worshipped Lugonu.
Lugonu was pleased with you.
You were not hungry.

You visited 1 branch of the dungeon, and saw 4 of its levels.
You visited the Abyss 1 time.

You collected 206 gold pieces.

Inventory:

Hand Weapons
 a - a +1 short sword (weapon)
Armour
 b - a +0 leather armour
 g - a +0 ring mail (worn)
 h - a +0 pair of boots (worn)
 i - a +0 buckler (worn)
 p - a +0 chain mail
Jewellery
 l - an amulet of the gourmand (around neck)
Scrolls
 d - 5 scrolls of identify
 e - 2 scrolls of fog {unknown}
 f - 5 scrolls of teleportation {unknown}
 j - a scroll of magic mapping {unknown}
 k - a scroll of amnesia {unknown}
 n - a scroll of blinking {unknown}
Potions
 m - a potion of magic {unknown}
 o - a potion of berserk rage {unknown}
Comestibles
 c - 6 rations


   Skills:
 + Level 3.5 Fighting
 - Level 1.7 Short Blades
 + Level 2.4 Armour
 + Level 1.7 Dodging
 + Level 1.0 Shields
 * Level 4.0 Invocations


You had 3 spell levels left.
You didn't know any spells.

Dungeon Overview and Level Annotations

Branches:
Dungeon (4/15)
 Temple: D:4-7

Altars:
Gozag
Makhleb
The Shining One

Annotations:
D:3 eyesofgods1's ghost, amateur OpIE


Innate Abilities, Weirdness & Mutations

You have large cloven feet.
You are immune to rotting.


Message History

The ogre barely misses you.
You hit the ogre.
The ogre is moderately wounded.
The ogre hits you with a giant spiked club!
You completely miss the ogre.
The ogre is moderately wounded.
Your shield and ring mail prevent you from hitting the ogre.
The ogre is moderately wounded.
The ogre closely misses you.
You hit the ogre.
The ogre is heavily wounded.
The ogre hits you with a giant spiked club!!
Ouch! That really hurt!
* * * LOW HITPOINT WARNING * * *
You barely miss the ogre.
The ogre is heavily wounded.
You hit the ogre.
The ogre is severely wounded.
The ogre hits you with a giant spiked club!
You die...

##+######
#.......
#......
#.....
#<..? ...
#O# #@#
#.# #.#
#.# #..
###


You could see an ogre.

Vanquished Creatures
  2 adders (D:2)
  2 oozes
  A dart slug (D:1)
  2 leopard geckos
  An orc (D:3)
  3 ball pythons
  11 bats
  7 giant cockroaches
  6 goblins
  9 hobgoblins
  3 jackals (D:2)
  7 frilled lizards
  5 kobolds
  4 rats
63 creatures vanquished.

Notes
Turn   | Place    | Note
-------+----------+-------------------------------------------
     0 | Abyss:1  | goulibeur the Demonspawn Abyssal Knight began the quest for the Orb.
     0 | Abyss:1  | Reached XP level 1. HP: 18/18 MP: 2/2
    80 | Abyss:1  | Noticed a ynoxinul
    81 | D:1      | Escaped the Abyss
   253 | D:1      | Reached skill level 1 in Dodging
   372 | D:1      | Gained mutation: You have large cloven feet. [demonic ancestry]
   372 | D:1      | Reached XP level 2. HP: 24/24 MP: 4/4
   381 | D:1      | Reached * piety under Lugonu
   386 | D:1      | Reached skill level 3 in Invocations
   943 | D:1      | Found a glowing golden altar of the Shining One.
  1051 | D:2      | Reached XP level 3. HP: 28/29 MP: 5/5
  1575 | D:2      | Reached ** piety under Lugonu
  1831 | D:2      | Gained mutation: You are immune to rotting. [demonic ancestry]
  1831 | D:2      | Reached XP level 4. HP: 29/35 MP: 6/6
  2145 | D:3      | Noticed eyesofgods1's ghost (amateur OpIE)
  2409 | D:3      | Reached skill level 1 in Shields
  2697 | D:3      | Found an opulent altar of Gozag.
  2699 | D:3      | Found a burning altar of Makhleb.
  2703 | D:3      | Reached skill level 4 in Invocations
  2902 | D:4      | Noticed an ogre
  2945 | D:4      | Noticed an ogre
  2952 | D:4      | Mangled by an ogre

Skill      XL: |  1  2  3  4 |
---------------+-------------+-----
Dodging        | 1 |  1.7
Invocations    | 3 4 |  4.0
Armour         | 2 |  2.4
Shields        | 1 |  1.0
Fighting       | |  3.5
Short Blades   | |  1.7

Action                   |  1- 3 |  4- 6 || total
-------------------------+-------+-------++-------
Melee: Short sword       |   158 |    78 ||   236
       Kick              |    18 |     1 ||    19
Invok: Depart the Abyss  |     1 |       ||     1
  Use: Scroll            |       |     1 ||     1
  Eat: Chunk             |     3 |     6 ||     9
Armor: Leather armour    |    43 |       ||    43
       Ring mail         |       |    21 ||    21
Dodge: Dodged            |    81 |    55 ||   136
Block: Buckler           |    26 |    16 ||    42
